 Dungeon Crawl Stone Soup version 0.28-a0-1555-g9ae15a6949 (webtiles) character file.

Game seed: 868891025977829132

513 croobank the Ruffian (level 6, -4/50 HPs)
             Began as a Demigod Transmuter on Jan 19, 2022.
             Slain by an ogre (8 damage)
             ... on level 4 of the Dungeon.
             The game lasted 00:15:23 (3688 turns).

croobank the Ruffian (Demigod Transmuter)           Turns: 3688, Time: 00:15:24

Health: -4/50      AC: 12    Str: 15    XL:     6   Next: 67%
Magic:  10/13      EV: 11    Int: 19    God:
Gold:   128        SH:  0    Dex: 14    Spells: 8/11 levels left

rFire   . . .      SeeInvis .   c - +5 mace (protect)
rCold   . . .      Faith    .   (no shield)
rNeg    . . .      Spirit   .   e - +0 ring mail
rPois   .          Reflect  .   (helmet currently unavailable)
rElec   .          Harm     .   (no cloak)
rCorr   .          Rampage  .   (no gloves)
Will    .....                   (boots currently unavailable)
Stlth   +.........              (no amulet)
HPRegen 0.16/turn               m - ring of flight
MPRegen 0.13/turn               (no ring)

@: appendages (expiring), wereblooded, under a protective aura, flying
A: horns 2, talons 2, high mp 1, forlorn, divine attributes
a: End Transformation


You were on level 4 of the Dungeon.
You had temporarily grown beastly horns and talons.
You visited 1 branch of the dungeon, and saw 5 of its levels.

You collected 128 gold pieces.

Inventory:

Hand Weapons
 b - a +0 hunting sling
 c - a +5 mace of protection (weapon)
 x - a +0 shortbow
 z - a +0 morningstar
Missiles
 f - 37 arrows
 r - 51 stones
 u - 14 bolts
Armour
 a - a +0 robe
 e - a +0 ring mail (worn)
 p - a +1 helmet (melded)
 w - a +0 chain mail
Magical Staves
 q - a staff of earth
Jewellery
 m - a ring of flight (left hand)
Scrolls
 j - a scroll of torment {unknown}
 k - a scroll of identify {unknown}
 l - 2 scrolls of enchant armour {unknown}
 o - a scroll of noise {unknown}
 v - a scroll of amnesia {unknown}
 y - a scroll of enchant weapon {unknown}
Potions
 d - a potion of degeneration {unknown}
 g - 2 potions of mutation {unknown}
 h - a potion of cancellation {unknown}
 i - a potion of flight {unknown}
 n - 2 potions of ambrosia {unknown}
 s - 2 potions of curing {unknown}
 t - a potion of attraction {unknown}


   Skills:
 + Level 2.6 Fighting
 * Level 2.5 Maces & Flails
 + Level 3.1 Dodging
 + Level 3.8 Unarmed Combat
 + Level 3.0 Spellcasting
 + Level 3.1 Transmutations


You had 8 spell levels left.
You knew the following spells:

 Your Spells              Type           Power      Damage    Failure   Level
a - Beastly Appendage     Tmut           28%        N/A       9%          1
b - Wereblood             Tmut           14%        N/A       12%         2

Your spell library contained the following spells:

 Spells                   Type           Power      Damage    Failure   Level
 Spider Form              Tmut/Pois      8%         N/A       43%         3
 Ice Form                 Ice/Tmut       8%         N/A       83%         4


Dungeon Overview and Level Annotations

Branches:
Dungeon (5/15)
 Temple: D:4-7

Annotations:
D:5 1 transporter, psuckher's ghost, weakling BaDe


Innate Abilities, Weirdness & Mutations

You have temporarily grown beastly horns and talons.
You have an increased reservoir of magic. (+10% MP)
You shall have no god before yourself.
Your divine heritage dramatically boosts your attributes as you level up.


Message History

* * * LOW HITPOINT WARNING * * *
Your transformation is almost over.
The dart slug briefly extends its eye-stalks.
Your horns disappear.
Your talons disappear.
Your +1 helmet unmelds from your body.
You see here an adder corpse.
You see here a +0 trident.
The iguana hisses menacingly.
You see here 21 arrows.
There is a stone staircase leading up here.
You fly upwards.
You hear the sound of rushing water.
There is an entrance to a sewer on this level.
Hurry and find it before the portal rusts away!
There is a stone staircase leading down here.
You hear the slow rusting of a very distant drain.
You hear the slow rusting of a very distant drain.
You hear the slow rusting of a very distant drain.
You hear the slow rusting of a very distant drain.
HP restored.
You hear the slow rusting of a very distant drain.
An ogre comes into view. It is wielding a +0 giant spiked club.
The ogre shouts!
Casting: Beastly Appendage (safe; 9% risk of failure)
Confirm with . or Enter, or press ? or * to list all spells.
You grow a pair of large bovine horns.
Your feet morph into talons.
Your +1 helmet melds into your body.
Casting: Beastly Appendage (safe; 9% risk of failure)
Confirm with . or Enter, or press ? or * to list all spells.
Your blood is infused with primal strength.
The ogre hits you with a +0 giant spiked club!!
You sock the ogre!
Your weapon exudes an aura of protection.
The ogre is moderately wounded.
Your transformation is almost over.
The ogre hits you with a +0 giant spiked club!!
* * * LOW HITPOINT WARNING * * *
You thump the ogre! You claw the ogre. Your headbutt misses the ogre.
The ogre is severely wounded.
The ogre hits you with a +0 giant spiked club!
You die...

#.## ##.#
###.###.##
#....#.##
####.###.##
#....# #.#
#.##.# #.#
#.##.###.# #
#.#...#####...#
#...#..@O...#
###...#####...#
##.## # #. #.
#. #. ..


You could see an ogre.

Vanquished Creatures
  2 ogres
  A centaur (D:5)
  2 centaur zombies (D:5)
  Jessica (D:2)
  An orc wizard (D:5)
  Terence (D:3)
  Robin (D:2)
  4 adders
  A worm (D:2)
  2 dart slugs
  6 orcs (D:5)
  3 ball pythons
  8 endoplasms
  18 goblins
  3 hobgoblins
  4 jackals (D:2)
  4 kobolds
  A quokka (D:1)
  6 bats
  2 frilled lizards
  6 rats
  A spectral goblin (D:3)
78 creatures vanquished.

Notes
Turn   | Place    | Note
-------+----------+-------------------------------------------
     0 | D:1      | croobank the Demigod Transmuter began the quest for the
                  | Orb.
     0 | D:1      | Reached XP level 1. HP: 15/15 MP: 5/5
    55 | D:1      | Reached skill level 1 in Fighting
   194 | D:1      | Reached XP level 2. HP: 23/23 MP: 5/7
   875 | D:2      | Reached XP level 3. HP: 28/28 MP: 6/8
  1046 | D:2      | Noticed Jessica
  1057 | D:2      | Killed Jessica
  1215 | D:2      | Noticed Robin
  1418 | D:3      | Noticed an ogre
  1431 | D:2      | Reached XP level 4. HP: 34/36 MP: 10/10
  1643 | D:1      | Learned a level 2 spell: Wereblood
  1901 | D:2      | Killed Robin
  2550 | D:3      | Noticed Terence
  2558 | D:3      | Killed Terence
  2654 | D:3      | Killed an ogre
  2655 | D:3      | Reached skill level 1 in Maces & Flails
  2655 | D:3      | Reached XP level 5. HP: 41/41 MP: 9/11
  2657 | D:3      | You are sucked into a shaft and drop 2 floors!
  2657 | D:5      | Entered Level 5 of the Dungeon
  2778 | D:5      | Noticed an ogre
  2788 | D:5      | Killed an ogre
  2789 | D:5      | Reached XP level 6. HP: 14/50 MP: 13/13
  3174 | D:5      | Found a transporter.
  3177 | D:5      | Noticed psuckher's ghost (weakling BaDe)
  3338 | D:5      | HP: 1/50 [dart slug/slug dart (5)]
  3688 | D:4      | Slain by an ogre

Illustrated notes

Levels and vault maps discovered:
D:1:      elethiomel_arrival_diamonds, layout_basic
D:2:      layout_rooms, uniq_jessica, uniq_robin
D:3:      layout_loops_ring, dreamdust_ecumenical_altar_drowned_temple,
          uniq_terence
D:4:      layout_loops_ring, kennysheep_mini, minmay_temple_entry_sparse_star,
          cheibrodos_sewer_entry_bend, minmay_misc_feat_tower,
          minmay_fractal_squares_5, uniq_eustachio, uniq_ijyb, uniq_grinder,
          uniq_crazy_yiuf_cottage, uniq_sigmund
D:5:      layout_loops_ring, gammafunk_ghost_mausoleum

Skill      XL: |  1  2  3  4  5  6 |
---------------+-------------------+-----
Fighting       | 1 2 |  2.6
Dodging        | 2 3 |  3.1
Transmutations | 2 3 |  3.1
Spellcasting   | 2 3 |  3.0
Unarmed Combat | 3 |  3.8
Maces & Flails | 1 2 |  2.5

Action                   |  1- 3 |  4- 6 || total
-------------------------+-------+-------++-------
Melee: Unarmed           |    72 |    39 ||   111
       Kick              |    12 |    23 ||    35
       Headbutt          |    14 |    18 ||    32
       Punch             |     1 |     2 ||     3
       Mace              |       |    76 ||    76
 Cast: Beastly Appendage |    23 |    23 ||    46
       Wereblood         |       |     4 ||     4
  Use: Potion            |       |     1 ||     1
Armor: Robe              |     4 |       ||     4
       Ring mail         |    17 |    47 ||    64
Dodge: Dodged            |    29 |    60 ||    89

Table legend: (Time is in decaauts)
 A = Elapsed time spent in this place.
 B = Non-inter-level travel time spent in this place.
 C = Inter-level travel time spent in this place.
 D = Time resting spent in this place.
 E = Time spent auto-exploring this place.
 F = Levels seen in this place.
 G = Mean time per level.
                   A        B        C        D        E       F      G
               +--------+--------+--------+--------+--------+-----+--------+
         Total |   3720 |   3658 |     62 |   1015 |   1789 |   5 |  744.0 |
       Dungeon |   3720 |   3658 |     62 |   1015 |   1789 |   5 |  744.0 |
               +--------+--------+--------+--------+--------+-----+--------+

Top non-repeatable levels by time:
     D:1: 1267 daAuts
     D:2: 891 daAuts
     D:5: 754 daAuts
     D:3: 517 daAuts
     D:4: 289 daAuts
